[Event "31st Kavala Open-A 2022"]
[Site "Kavala"]
[Date "2022.07.26"]
[Round "1.1"]
[White "Gopal G.N."]
[Black "Bozinakis, Pavlos"]
[Result "1-0"]
[ECO "B85"]
[WhiteElo "2593"]
[BlackElo "2195"]
[Annotator "TA"]
[PlyCount "81"]
[EventDate "2022.07.27"]
[EventType "swiss"]
[EventCountry "GRE"]
[SourceTitle "playchess.com"]
[Source "ChessBase"]
[SourceQuality "1"]
[TimeControl "40/5400+30:1800+30"]

1. e4 c5 2. Nf3 e6 3. d4 cxd4 4. Nxd4 Nc6 5. Nc3 Qc7 6. Be2 a6 7. O-O Nf6 8. Be3 Be7 9. f4 d6 10. Qe1 O-O 11. Kh1 Nxd4 12. Bxd4 b5 13. Qg3 Bb7 14. a3 Bc6 15. Rae1 Rad8 16. Bd3 {[%emt 0:19:59] B85: Sicilian Scheveningen: 6 Be2 a6, lines with early Be3.} Qd7 17. Nd1 Nh5 18. Qg4 {[%emt 0:01:20] The position is equal.} Nf6 19. Qe2 $5 {[%emt 0:01:05][%mdl 4] An interesting side line.} (19. Qg5 {with more complications.} d5 20. e5 Ne4 21. Qg4) 19... Qb7 20. Nf2 Nd7 21. Ng4 f6 {[%emt 0:11:44] [#]} 22. Ne3 $146 ({Predecessor:} 22. c3 e5 23. Bg1 Kh8 24. Bb1 a5 25. Ne3 exf4 26. Rxf4 Ne5 27. Nf5 Rfe8 28. Ba2 {½-½ (49) Di Berardino,D (2480)-Grieve,H (2330) Roquetas de Mar 2022}) 22... Nc5 ({Black should try} 22... Rfe8 $15) 23. Qg4 Rf7 24. b4 Nxe4 25. Qxe6 {[%emt 0:01:14] [#] Nf5 is the strong threat.} Bf8 26. Qg4 Re8 27. Re2 Bd7 28. Qf3 f5 29. Rfe1 g6 30. c4 Bg7 (30... Bc6 $5 31. cxb5 axb5 $15) 31. Bxg7 Rxg7 (31... Kxg7 $11 {and Black is okay.} 32. Nd5 bxc4 33. Bxe4 fxe4 34. Qc3+ Kg8 35. Qxc4 (35. Nf6+ Rxf6 36. Qxf6 d5 $11) 35... Bb5 36. Nf6+ Kf8) 32. Nd5 $18 bxc4 $2 (32... Bc6 {might work better.}) 33. Bxe4 fxe4 34. Rxe4 Rxe4 35. Qxe4 {[%emt 0:00:01] [#] Intending Nf6+ and mate.} Kh8 $2 (35... Bc6) 36. Qd4 {[%emt 0:00:46] White wants to mate with Re7. White is clearly winning.} Kg8 37. Nf6+ Kh8 38. Ne8 Bb5 39. Nxg7 Qxg7 40. Qxd6 h5 41. h3 {[%emt 0:01:19] Weighted Error Value: White=0.07 (flawless) /Black=0.38} 1-0

[Event "31st Kavala Open-A 2022"]
[Site "Kavala"]
[Date "2022.07.26"]
[Round "1.2"]
[White "Rahmanidis, Petros"]
[Black "Schroeder, Jan-Christian"]
[Result "1-0"]
[ECO "C02"]
[WhiteElo "2191"]
[BlackElo "2563"]
[Annotator "TA"]
[PlyCount "65"]
[EventDate "2022.07.27"]
[EventType "swiss"]
[EventCountry "GRE"]
[SourceTitle "playchess.com"]
[Source "ChessBase"]
[SourceQuality "1"]
[TimeControl "40/5400+30:1800+30"]

1. e4 e6 2. d4 d5 3. e5 c5 4. c3 Nc6 5. Nf3 Qb6 6. Bd3 cxd4 7. O-O $1 {[%emt 0:02:14][%mdl 4] is recently more successful than 7.cxd4. C02: French: Advance Variation.} Bd7 8. Re1 Rc8 9. a3 (9. Nbd2 $11) 9... Nge7 (9... a6 $1 $15) 10. h4 {[%emt 0:01:28] [#]} (10. b4 $11) 10... g6 $146 ({Better is} 10... a6 $17) ({Predecessor:} 10... h6 11. b4 a6 12. Bb2 g6 13. cxd4 Nf5 14. Nc3 Be7 15. h5 Qd8 16. hxg6 fxg6 {0-1 (47) Supi,L (2603)-Languidey,S (2424) Catas Altas 2022}) 11. b4 $11 Bg7 12. b5 Na5 13. Nxd4 Nc4 (13... O-O $5 14. Bg5 Nf5 15. Bxf5 exf5 $15) 14. Bf4 Nf5 15. Bxf5 gxf5 16. a4 Qc5 17. Qh5 {[%emt 0:08:37][%cal Od4f5] Black should prevent Nxf5!} Kf8 (17... O-O $5 ) 18. Nd2 Nxd2 19. Bxd2 h6 20. Re3 Qc4 (20... Qe7 $11 {keeps the balance.}) 21. Bc1 (21. g4 $142) 21... Rh7 22. Ba3+ Kg8 23. Be7 Re8 {[%emt 0:03:36] [#]} (23... Qc7 $142) 24. Bf6 $1 $16 {[%emt 0:02:43] 0x0.001e3abbe2dbdp-1022s more active pieces.} f4 {[%emt 0:05:55] Prevents Rg3.} 25. Rf3 Bxf6 26. exf6 e5 $2 (26... Qc7 {was worth a try.} 27. Rd3 (27. Qg4+ Kf8 $11) 27... e5) 27. Nf5 $18 Bxf5 28. Qxf5 Re6 $2 (28... Qc8 {keeps fighting.} 29. Qxc8 Rxc8) 29. Rd1 {[%emt 0:02:05] [#] And now Rfd3 would win.} b6 (29... Re8 $142 30. Qd7 Qc8 31. Qxc8 Rxc8 32. Rxd5 Rh8 33. Rxe5 Rc4) 30. Rfd3 d4 31. f3 h5 32. cxd4 Rh6 33. dxe5 {[%emt 0:00:31] Weighted Error Value: White=0.36/Black=0.67} 1-0

[Event "31st Kavala Open-A 2022"]
[Site "Kavala"]
[Date "2022.07.26"]
[Round "1.4"]
[White "Stefanou, Dimitrios"]
[Black "Yilmazyerli, Mert"]
[Result "0-1"]
[ECO "A37"]
[WhiteElo "2184"]
[BlackElo "2520"]
[Annotator "TA"]
[PlyCount "104"]
[EventDate "2022.07.27"]
[EventType "swiss"]
[EventCountry "GRE"]
[SourceTitle "playchess.com"]
[Source "ChessBase"]
[SourceQuality "1"]
[TimeControl "40/5400+30:1800+30"]

1. Nf3 c5 2. c4 g6 3. Nc3 Bg7 4. g3 Nc6 5. Bg2 d6 6. d3 e6 7. O-O {[%emt 0:00:48] 7.h4 is more fashionable. A37: Symmetrical English vs ...g6: 4 Bg2 Bg7 5 Nf3.} Nge7 8. Bg5 h6 9. Bd2 {[%emt 0:01:44] The position is equal.} b6 10. a3 Bb7 11. Rb1 (11. b4 {with more complications.} cxb4 12. axb4 Nxb4 13. Nb5) 11... Qd7 12. b4 O-O 13. Qc1 Kh7 14. h4 (14. e3 $11 {keeps the balance.}) 14... Nd4 $17 15. Nxd4 cxd4 16. Nd1 Bxg2 17. Kxg2 {[%emt 0:00:07][%cal Oa3a4] [#]} e5 $146 ({Predecessor:} 17... b5 18. e4 bxc4 19. Qxc4 Rac8 20. Qb3 d5 21. f3 dxe4 22. fxe4 Nc6 23. Nf2 Ne5 {1-0 (57) Wadsworth,M (2364)-Yeletsky,I (2406) Chess.com INT 2018}) 18. f3 f5 19. Nf2 Rac8 20. Qc2 Nd5 (20... d5 $17 21. b5 dxc4 22. dxc4 Rc7) 21. Qb3 $15 Nf6 {[%emt 0:01:48] Black is more active.} 22. Rbc1 Qb7 23. b5 e4 {[%emt 0:03:45] Threatens to win with ...e3.} 24. Bb4 {[%emt 0:02:13] [#]} exf3+ (24... Ng4 $1 $17 25. dxe4 Ne3+ 26. Kh2 Qe7) 25. exf3 Ng4 {[%emt 0:00:05] Strongly threatening ...Ne3+.} 26. Bd2 ({Don't go for} 26. Nxg4 $2 fxg4 27. Kg1 gxf3 28. Bxd6 Rf7 $19) 26... Rfe8 (26... Be5 $5 ) 27. Rce1 {[%emt 0:01:30] Against Re2} Re5 28. Rxe5 Bxe5 29. Nxg4 fxg4 30. Qd1 d5 (30... Rf8 $11) 31. Qe2 ({Better is} 31. c5 $1 $14 bxc5 32. f4) 31... Bg7 $11 32. Qe6 dxc4 33. dxc4 (33. h5 $5) 33... h5 34. Bb4 Rd8 35. Qe4 (35. Bd2 $11 {remains equal.}) 35... Qc8 (35... Qxe4 $17 36. fxe4 Rd7) 36. fxg4 Re8 37. Qc6 {[%emt 0:00:52] And now Rf7 would win.} Re2+ (37... hxg4 $2 38. Rf7 $18) 38. Rf2 $1 Qxg4 39. Qf3 Re3 40. Qxg4 hxg4 {[%emt 0:00:02][%cal Bh5g4,Bg4g3][%mdl 4128] Endgame KRB-KRB} 41. Rf7 Kg8 {[%emt 0:31:02] Inhibits Bf8.} 42. Rxa7 Be5 43. Rd7 Rxg3+ 44. Kf2 Rb3 {[%emt 0:00:00] ...Bf4 is the strong threat.} 45. Rd5 $2 (45. Bd6 $11 {and White stays safe.} g3+ 46. Kf1 Rb1+ 47. Kg2 Rb2+ 48. Kg1 Rb1+ 49. Kg2 Rb2+ 50. Kg1 Rb1+ 51. Kg2) 45... g3+ $19 46. Kf1 Rb1+ 47. Be1 ({Much worse is} 47. Kg2 Rb2+ 48. Kh1 Bf4 49. Rd8+ Kg7 $19) 47... Bf6 ({But not} 47... g2+ $2 48. Kxg2 Rxe1 49. c5 bxc5 50. b6 $19) 48. Rd6 $2 (48. Ke2 Bxh4 49. Bxg3 Bxg3 50. Rxd4) 48... Bxh4 {[%emt 0:00:00] White must now prevent ...Kf7.} 49. Rxg6+ Kf7 {[%emt 0:00:00] Black mates.} 50. Rg4 {[%emt 0:00:00] [#]} d3 $1 51. Kg2 Rxe1 52. Rxh4 d2 {[%emt 0:00:00] Weighted Error Value: White=0.43/Black=0.09 (flawless)} 0-1

[Event "31st Kavala Open-A 2022"]
[Site "Kavala"]
[Date "2022.07.26"]
[Round "1.5"]
[White "Gagare, Shardul"]
[Black "Magalakis, Stefanos"]
[Result "1/2-1/2"]
[ECO "A13"]
[WhiteElo "2514"]
[BlackElo "2181"]
[Annotator "TA"]
[PlyCount "86"]
[EventDate "2022.07.27"]
[EventType "swiss"]
[EventCountry "GRE"]
[SourceTitle "playchess.com"]
[Source "ChessBase"]
[SourceQuality "1"]
[TimeControl "40/5400+30:1800+30"]

1. c4 e6 2. Nf3 Nf6 3. g3 d5 4. Bg2 Bd6 5. b3 O-O 6. Bb2 b6 {[%emt 0:01:28] 6...Nbd7 is vanishing. A13: English Opening: 1...e6.} 7. Qc2 Bb7 8. O-O Nbd7 {[%emt 0:03:56] The position is equal.} 9. Nc3 c5 10. e3 {[%emt 0:04:58] Prevents d4.} a6 {[%emt 0:05:52] [#]} 11. cxd5 $146 ({Predecessor:} 11. Rfd1 Rc8 12. d3 Qe7 13. Qe2 Ne8 14. Nh4 g5 15. cxd5 gxh4 16. dxe6 Ne5 17. f4 {0-1 (23) Slowik,M (1998)-Heyden,J (1918) Germany 2007}) 11... Nxd5 12. Rac1 Rc8 13. Rfd1 Be7 ({Don't take} 13... Nb4 14. Qb1 $14) 14. Qb1 Nxc3 15. Bxc3 Rc7 16. e4 Qa8 17. d3 Bf6 18. Bxf6 Nxf6 19. b4 c4 20. Ne5 ({Reject} 20. Rxc4 Rxc4 21. dxc4 Bxe4 $11) (20. dxc4 Bxe4 21. Qb3 a5 $15) 20... b5 21. dxc4 (21. Qb2 {keeps more tension.} Rfc8 22. dxc4 Bxe4 23. f3) 21... bxc4 22. Rxc4 Rxc4 23. Nxc4 {[%emt 0:00:05] Threatens to win with Nd6.} Bxe4 24. Bxe4 Nxe4 25. Qc1 {[%emt 0:00:08] Prevents Nc3.} h6 26. h4 ({White should play} 26. Qe3 $11) 26... Rc8 $15 {[%emt 0:02:28] Strongly threatening ...Qb8.} 27. Qc2 Qc6 28. Rd4 {[%emt 0:01:21] [#]} Nd6 29. Ne3 (29. Na3 Qxc2) 29... Qxc2 30. Nxc2 Rxc2 31. Rxd6 Rxa2 {[%emt 0:00:06][%mdl 4096] Endgame KR-KR} 32. Rd7 (32. Rd8+ $15 Kh7 33. h5) 32... Rb2 33. Ra7 Rxb4 34. Rxa6 h5 35. Ra5 g6 36. Ra7 Kg7 37. Kg2 Rb3 38. Rc7 Kf6 39. Ra7 Rb8 40. Kf3 Rb3+ 41. Kg2 $1 Rb5 {[%emt 0:30:54] Black is better.} 42. Kf3 Rf5+ 43. Ke3 Re5+ {[%emt 0:00:00] Weighted Error Value: White=0.09 (flawless) /Black=0.08 (flawless)} 1/2-1/2

[Event "31st Kavala Open-A 2022"]
[Site "Kavala"]
[Date "2022.07.26"]
[Round "1.6"]
[White "Skaperdas, Kostantinos"]
[Black "Santiago, Yago De Moura"]
[Result "1-0"]
[ECO "C02"]
[WhiteElo "2177"]
[BlackElo "2513"]
[Annotator "TA"]
[PlyCount "65"]
[EventDate "2022.07.27"]
[EventType "swiss"]
[EventCountry "GRE"]
[SourceTitle "playchess.com"]
[Source "ChessBase"]
[SourceQuality "1"]
[TimeControl "40/5400+30:1800+30"]

1. e4 e6 2. d4 d5 3. e5 c5 4. c3 Nc6 5. Nf3 Qb6 6. Bd3 Bd7 7. dxc5 Bxc5 8. O-O a5 9. Nbd2 f6 $1 {[%emt 0:08:22] C02: French: Advance Variation.} 10. Rb1 {[%emt 0:20:07] [#]} (10. Qe2 $11 {keeps the balance.}) 10... Qc7 $146 (10... Nxe5 11. Nxe5 fxe5 12. Qh5+ Kf8 13. Qxe5 $14) (10... fxe5 $17 {Threatens to win with ...Nf6.} 11. Ng5 Nf6) ({Predecessor:} 10... fxe5 11. b4 axb4 12. cxb4 Be7 13. b5 Nb4 14. Be2 e4 15. Ne5 Nf6 16. a3 Nd3 17. Nxd3 exd3 18. Bxd3 {½-½ (40) Cevizci,Y (2144)-Ozkan,T (2357) Ankara 2022}) 11. Nb3 $14 Be7 {[%emt 0:09:07] [#]} (11... Bb6 $14) 12. Bf4 $1 $16 {[%emt 0:05:21][%cal Oe5f6] And now exf6! would win.} O-O-O $2 {[%emt 0:38:39] A mistake that costs the game.} (12... Nh6 $16 {was necessary.}) 13. exf6 $18 Qxf4 14. fxg7 (14. fxe7 Ngxe7 15. Bb5 Rhf8 $16) 14... Nf6 15. gxh8=Q (15. gxh8=B Rxh8 16. Nbd4 Rg8 $18) 15... Rxh8 16. Bb5 e5 17. g3 Qf5 (17... Rg8 $142 18. Re1 Bd6) 18. Re1 Bd6 19. Bxc6 Bxc6 20. Nxa5 e4 $2 (20... Ng4 21. Rf1 Bc5) 21. Nxc6 bxc6 22. Nd4 Qh3 23. Qe2 {[%emt 0:00:17] [#] Qa6+ is the strong threat.} Kd7 24. Qf1 ({But not} 24. Qa6 Rc8 25. Re2 (25. Qb7+ Rc7 $11) 25... h5 $18) 24... Qh5 25. f3 {[%emt 0:03:28][%cal Bf2f3,Bf3e4,Be4e5][%mdl 32] Inhibits Ng4.} Rg8 {[%emt 0:00:46][%cal Od6g3] Strongly threatening ...Bxg3!} 26. Kg2 Qe5 (26... Qg6 $142 27. Kh1 (27. Qa6 Bxg3 28. Kf1 Bxe1 $11) 27... exf3) 27. Qf2 {[%emt 0:04:18] White is clearly winning.} Nh5 (27... Rf8 $142 28. Qf1 Qh5) 28. fxe4 {[%emt 0:00:32] Hoping for Qf7+.} Nf4+ 29. Kh1 Rf8 30. gxf4 Rxf4 31. Qg3 {[%emt 0:00:44] aiming for Qh3+.} Qh5 {[%emt 0:01:05] Against Qh3+} 32. e5 Rg4 33. Qf3 {[%emt 0:00:27] Weighted Error Value: White=0.51/Black=0.93} 1-0

[Event "31st Kavala Open-A 2022"]
[Site "Kavala"]
[Date "2022.07.26"]
[Round "1.7"]
[White "Halkias, Stelios"]
[Black "Sirigos, Nikolaos"]
[Result "1-0"]
[ECO "B07"]
[WhiteElo "2512"]
[BlackElo "2170"]
[Annotator "TA"]
[PlyCount "78"]
[EventDate "2022.07.27"]
[EventType "swiss"]
[EventCountry "GRE"]
[SourceTitle "playchess.com"]
[Source "ChessBase"]
[SourceQuality "1"]
[TimeControl "40/5400+30:1800+30"]

1. Nf3 Nf6 2. d4 g6 3. g3 Bg7 4. Bg2 O-O 5. O-O d6 6. Re1 Nbd7 7. e4 e5 8. Nc3 b6 {[%emt 0:02:59] B07: Pirc Defence: Miscellaneous Systems.} 9. dxe5 dxe5 10. Nd5 Bb7 {[%emt 0:18:21] The position is equal.} 11. Bg5 Re8 {[%emt 0:07:07] [#]} 12. Nd2 $146 ({Predecessor:} 12. c4 h6 13. Bd2 Nc5 14. Qc2 c6 15. Nxf6+ Qxf6 16. b4 Na6 17. c5 bxc5 18. bxc5 {1-0 (29) Burmakin,V (2582)-Starosek,K (2495) Ekaterinburg 2002}) 12... h6 13. Be3 Nxd5 14. exd5 Nf6 (14... f5 $11) 15. c4 $14 Qd7 16. Nb1 ({White should play} 16. b4) 16... b5 (16... Ng4 $11) 17. cxb5 Nxd5 18. Nc3 e4 $1 19. Nxe4 {[%emt 0:05:00] Hoping for Nc5.} Qxb5 20. Bd4 Qb4 21. Bxg7 Kxg7 22. a3 Qb6 (22... Qxb2 $2 23. Rb1 Qe5 24. f4 $18) 23. Qc2 Rad8 24. Rac1 Ba8 (24... Bc8 $14) 25. b3 Kg8 26. Rcd1 Re6 27. Nc5 (27. Qc1 {is more complex.} Kg7 28. Qa1+ Kh7 29. Nd2) 27... Rxe1+ 28. Rxe1 Qf6 29. Ne4 Qe7 {[%emt 0:02:09] [#]} 30. Qc1 $1 Kh7 31. h4 {[%emt 0:00:39][%cal Oe4g5] Ng5+! is the strong threat.} Qf8 32. Rd1 {[%emt 0:01:52][%cal Od1d5] Threatens to win with Rxd5! White is more active.} f5 33. Nc5 {[%emt 0:01:25] And now Ne6 would win.} Rd6 {[%emt 0:00:12] [#] Prevents Ne6.} 34. Re1 $1 Qf6 35. b4 Bc6 36. Qc4 Ne7 $2 {[%emt 0:02:19] A mistake that costs the game.} (36... Nb6 $16 37. Qe2 Bxg2) 37. Bxc6 $18 Rxc6 38. Qe2 Nd5 (38... Ng8 39. Qe8 Rd6) 39. Qe8 f4 {[%emt 0:00:39] Weighted Error Value: White=0.09 (flawless) /Black=0.31} (39... Rd6 $142 40. Nd7 Qg7) 1-0

[Event "31st Kavala Open-A 2022"]
[Site "Kavala"]
[Date "2022.07.26"]
[Round "1.8"]
[White "Dorfanis, Ilarion"]
[Black "Beerdsen, Thomas"]
[Result "1/2-1/2"]
[ECO "E54"]
[WhiteElo "2141"]
[BlackElo "2500"]
[Annotator "TA"]
[PlyCount "70"]
[EventDate "2022.07.27"]
[EventType "swiss"]
[EventCountry "GRE"]
[SourceTitle "playchess.com"]
[Source "ChessBase"]
[SourceQuality "1"]
[TimeControl "40/5400+30:1800+30"]

1. d4 Nf6 2. c4 e6 3. Nc3 Bb4 4. e3 O-O 5. Bd3 c5 6. Nf3 d5 7. O-O cxd4 8. exd4 dxc4 9. Bxc4 b6 10. Ne5 Bb7 11. Bg5 Be7 12. Qe2 Nc6 {[%emt 0:17:53] E54: Nimzo-Indian: Rubinstein: Main Line: 7...dxc4 8 Bxc4.} 13. Rad1 Rc8 {[%emt 0:08:28] [#]} (13... Nxd4 14. Qe3 $16) (13... Nb4 $11) 14. Ba6 $146 (14. Nxf7 $1 $14 Rxf7 15. d5 (15. Qxe6 Qf8 $11)) ({Predecessor:} 14. Rfe1 Nb4 15. Nxf7 Rxf7 16. Bxe6 Rc7 17. d5 Rd7 18. d6 Rxd6 19. Bxf6 gxf6 20. Rxd6 Bxd6 21. Bxf7+ Kxf7 {½-½ (90) Shomoev,A (2579)-Inarkiev,E (2695) Nizhnij Novgorod 2013}) 14... Bxa6 $11 15. Qxa6 Nd5 16. Bxe7 Ncxe7 17. Nxd5 Nxd5 18. Rc1 Nf4 (18... Rc7 $15 {might be stronger.}) 19. Rxc8 Qxc8 20. Qxa7 f6 21. Nf3 e5 (21... Qc6 $11 22. Qa3 Rd8) 22. Qxb6 $16 Qg4 (22... Qc4 $16 {might work better.}) 23. Qb3+ $18 Kh8 24. Ne1 (24. g3 $16) 24... Ne2+ $14 25. Kh1 {[%emt 0:00:02] dxe5 is the strong threat.} Nxd4 26. Qb4 $40 {[%emt 0:02:40][%cal Rb4f8][%mdl 128] White has some attack.} (26. Qd3 $5 ) 26... Qc8 (26... Rc8 $5 ) 27. Nd3 Qa8 (27... Rd8 $11 {keeps the balance.}) 28. Rc1 Rd8 {[%emt 0:02:04] [#]} 29. Qe7 (29. Qc4 $1 $16) 29... h6 $11 30. h3 ({Avoid the trap} 30. Rc7 $2 Nf5 31. Qe6 Qe4 $19) 30... Kh7 $2 (30... Ne2 $11 {and Black is okay.} 31. Rc7 Rg8) 31. Nc5 $2 (31. Rc7 $18 {[%csl Gc7][%cal Re7g7] is the precise move to win.} Rg8 32. Qxf6 Qxa2 33. Nxe5 Qb1+ 34. Kh2) 31... Re8 (31... Qd5 $142) 32. Qd7 Rd8 33. Qe7 Re8 $1 34. Qd7 Rd8 $1 ({Much less strong is} 34... Rb8 35. Ne6 Rb7 {[#]} 36. Nf8+ $1 Kh8 37. Rc8 Rxd7 38. Rxa8 $16) 35. Qe7 (35. Qf7 $16) 35... Nf5 {[%emt 0:00:37] Weighted Error Value: White=0.49/Black=0.44} ({Better is} 35... Re8 $1 $11 36. Qf7 Kh8) 1/2-1/2

[Event "31st Kavala Open-A 2022"]
[Site "Kavala"]
[Date "2022.07.26"]
[Round "1.9"]
[White "Karthik Venkataraman"]
[Black "Abrahams, Daniel"]
[Result "1-0"]
[ECO "E11"]
[WhiteElo "2483"]
[BlackElo "2126"]
[Annotator "TA"]
[PlyCount "75"]
[EventDate "2022.07.27"]
[EventType "swiss"]
[EventCountry "GRE"]
[SourceTitle "playchess.com"]
[Source "ChessBase"]
[SourceQuality "1"]
[TimeControl "40/5400+30:1800+30"]

1. d4 Nf6 2. c4 e6 3. Nf3 Bb4+ 4. Bd2 a5 5. g3 d6 6. Bg2 Nbd7 7. O-O e5 8. e3 {[%emt 0:00:07] Hoping for Bc1.} Bxd2 {[%emt 0:01:08] 8...Bxd2 is better than 8...c6. E11: Bogo-Indian.} 9. Nfxd2 exd4 10. exd4 O-O {[%emt 0:00:06] White is slightly better.} 11. Nc3 {[%emt 0:00:03] [#]} Re8 $146 ({Predecessor:} 11... c6 12. Re1 Nb6 13. Qf3 Be6 14. b3 a4 15. Qd3 Ra5 16. Nf1 axb3 17. axb3 Qa8 {0-1 (51) Gharibyan,M (2346)-Shubin,K (2359) Jermuk 2017}) 12. Qb3 c6 13. Rfe1 Rxe1+ 14. Rxe1 Nb6 15. c5 dxc5 16. dxc5 Nbd7 (16... Qxd2 $2 17. Rd1 Qd7 18. Rxd7 Nbxd7 19. Qd1 $18) 17. Nde4 {[%emt 0:06:02] And now Nd6 would win. 0x0.0024b2e6f46edp-1022s more active pieces.} Qc7 18. a3 Rb8 19. f4 ({Better is} 19. Qc2 $16) 19... h6 $11 20. h3 b6 21. cxb6 Rxb6 22. Qc2 Nxe4 23. Rxe4 ({Reject} 23. Bxe4 Nf6 $11) 23... Nf6 {[%emt 0:00:21] [#] Inhibits Re8+.} 24. Nd5 $1 Qd8 25. Ne7+ (25. Nxb6 Bf5 $11) 25... Kh8 26. Nxc6 Qd6 {[%emt 0:01:03] [#]} 27. Re2 ({But not} 27. Nxa5 $2 Bf5 28. Nc4 Qc7 $17) (27. Ne5 $1 $16 Be6 28. Re2) 27... Bxh3 $1 28. Rd2 ({Much worse is} 28. Nxa5 Qd4+ 29. Kh1 Bxg2+ 30. Rxg2 Rb5 $19) 28... Qe6 (28... Bf5 $1 $11 {remains equal.}) 29. Rd8+ $16 Ng8 {[%emt 0:00:12] [#] ...Bxg2 is the strong threat.} 30. Bd5 $36 {[%emt 0:06:56][%mdl 2048] White has strong initiative. Chess con chili.} Qg4 {[%emt 0:09:21][%mdl 8192] Black cannot hold the game after this.} (30... Qf6 $16) 31. Kf2 {[%emt 0:01:29] aiming for Ne5.} Qh5 32. Ne7 Bf5 33. Nxf5 {[%emt 0:00:33] Threatening mate with Ne7.} Rf6 {[%emt 0:00:25] [#]} 34. Qc8 $1 {[%emt 0:00:47] White mates.} Rxf5 (34... Qh2+ 35. Ke1) 35. Rxg8+ Kh7 36. Rh8+ Kg6 37. Qc6+ f6 38. Qe8# {[%emt 0:00:05] Weighted Error Value: White=0.10 (very precise) /Black=0.43} 1-0

[Event "31st Kavala Open-A 2022"]
[Site "Kavala"]
[Date "2022.07.26"]
[Round "1.10"]
[White "Yaniv, Ori"]
[Black "Bharath Subramaniyam H"]
[Result "1/2-1/2"]
[ECO "A31"]
[WhiteElo "2108"]
[BlackElo "2479"]
[Annotator "TA"]
[PlyCount "69"]
[EventDate "2022.07.27"]
[EventType "swiss"]
[EventCountry "GRE"]
[SourceTitle "playchess.com"]
[Source "ChessBase"]
[SourceQuality "1"]
[TimeControl "40/5400+30:1800+30"]

1. e4 c5 2. Nf3 e6 3. d4 cxd4 4. Nxd4 a6 5. c4 Nf6 6. Nc3 Qc7 7. a3 b6 8. Be2 Bb7 9. f3 Be7 10. Be3 d6 11. O-O Nbd7 12. Rc1 O-O 13. Qd2 Rac8 14. Rfd1 Rfe8 15. b4 Qb8 16. Nb3 {[%emt 0:00:30] 16.Bf1 is the hot move.} Bd8 {[%emt 0:00:30] A31: Symmetrical English: 2 Nf3 Nf6 3 d4.} 17. Bf4 (17. Qxd6 Bc7 18. Qd3 Bxh2+ 19. Kf1 Red8 $11) 17... Ne5 18. Bxe5 (18. Qxd6 {[#]} Nxf3+ $1 19. gxf3 Bc7 20. Qxc7 Rxc7 $17) 18... dxe5 {[%emt 0:00:56] White is slightly better.} 19. c5 b5 (19... bxc5 $11 {keeps the balance.} 20. Nxc5 (20. bxc5 Be7 $15) 20... Be7) 20. a4 $16 {[%emt 0:00:30] [#]} Bc6 $146 (20... bxa4 $16 21. Nxa4 Bc6) ({Predecessor:} 20... bxa4 21. Nxa4 Nh5 22. Na5 h6 23. Nxb7 Bg5 24. Qc3 Qxb7 25. Nb6 Bxc1 26. Nxc8 Rxc8 27. Rxc1 {1-0 (53) Cotic,B (2039)-Fus,J (2190) Tornelo INT 2020}) 21. axb5 $18 axb5 22. Ra1 Bc7 23. Na5 Bd7 24. Qe1 Red8 25. Qf1 Be8 26. Rxd8 ({Not} 26. Nxb5 Rxd1 27. Rxd1 Bxa5 28. bxa5 Rxc5 $14) 26... Rxd8 27. Bxb5 (27. Nxb5 $18 {is the precise move to win.} Bxb5 28. Bxb5 Bxa5 29. Rxa5) 27... Rd4 $16 28. Nc6 {[%emt 0:00:30] White is more active.} (28. Bxe8 $16 Qxb4 29. Nb5 (29. Bxf7+ Kxf7 30. Nb5 Bxa5 $17) 29... Bxa5 30. Nxd4 Qxd4+ 31. Kh1 Qxc5 32. Bb5) 28... Bxc6 $11 {[%emt 0:00:30] The position is equal.} 29. Bxc6 Qxb4 30. Nb5 {[%emt 0:00:30] [#] Threatens to win with Kh1.} Rd8 $1 31. Qc1 Ba5 32. Rb1 Qa4 33. Ra1 Qb4 34. Rb1 Qa4 35. Ra1 {[%emt 0:16:22] White really could win this.  Weighted Error Value: White=0.22 (precise) /Black=0.21 (precise)} 1/2-1/2

[Event "31st Kavala Open-A 2022"]
[Site "Kavala"]
[Date "2022.07.26"]
[Round "1.11"]
[White "Vrolijk, Liam"]
[Black "Apostolakakis, Konstantinos"]
[Result "1-0"]
[ECO "E14"]
[WhiteElo "2464"]
[BlackElo "2072"]
[Annotator "TA"]
[PlyCount "91"]
[EventDate "2022.07.27"]
[EventType "swiss"]
[EventCountry "GRE"]
[SourceTitle "playchess.com"]
[Source "ChessBase"]
[SourceQuality "1"]
[TimeControl "40/5400+30:1800+30"]

1. d4 Nf6 2. c4 e6 3. Nf3 Bb4+ 4. Nbd2 O-O 5. a3 Bxd2+ 6. Qxd2 b6 7. e3 Bb7 8. Be2 d6 9. O-O Nbd7 10. b4 Ne4 11. Qc2 c5 12. Bb2 Qe7 13. Rfd1 Rfd8 {[%emt 0:05:42] [#] E14: Queen's Indian: Classical Variation (4 e3).} 14. dxc5 $146 ({Predecessor:} 14. Bd3 Ndf6 15. Ne1 d5 16. f3 dxc4 17. Bxe4 Nxe4 18. fxe4 cxb4 19. axb4 Qxb4 20. Ra4 Qb5 21. Rxc4 {½-½ (60) Rivera,I (2228)-Cardenas,A (1982) Medellin 2018}) 14... dxc5 15. b5 Ng5 {[%emt 0:19:29] [#]} (15... Nd6 $11) 16. Ne1 {[%emt 0:07:19] White is more active.} ({White should play} 16. Nxg5 $1 $16 Qxg5 17. g3) 16... f6 17. a4 a5 18. f3 Nf8 19. Nd3 e5 {[%emt 0:07:25] [#] White must now prevent ...e4.} 20. Nf2 Nf7 21. Ne4 Rxd1+ 22. Rxd1 Rd8 23. Bd3 Rd7 24. Nc3 Qd8 25. Kf2 Ba8 26. Ke1 Nd6 27. Be2 Nf7 28. Rxd7 Qxd7 29. Nb1 Bb7 30. Nd2 Ba8 31. Kf2 Bb7 32. g4 h5 33. h3 hxg4 34. hxg4 Ng5 35. Bc3 g6 {[%emt 0:05:01] And now ...Qh7 would win.} 36. f4 $1 exf4 37. exf4 Qh7 $2 38. fxg5 $18 Qh4+ 39. Ke3 Qxg5+ (39... Qg3+ $2 40. Nf3 fxg5 41. Be5) 40. Kd3 Qf4 {[%emt 0:03:26] aiming for ...Qg3+.} 41. Qd1 f5 42. Kc2 Ne6 43. gxf5 Qxf5+ 44. Bd3 Qf2 45. Qg4 Nf4 46. Bxg6 {[%emt 0:00:16] Weighted Error Value: White=0.10 (very precise) /Black=0.59} (46. Be5 $142 Qh2 47. Bxf4 Qh5 48. Qe6+ Kg7 49. Be5+ Kf8 50. Bf6 Qh7 51. Qd6+ Kg8 52. Qd8+ Kf7 53. Qe7+ Kg8 54. Qe8#) 1-0